 Dungeon Crawl Stone Soup version 0.23-a0-171-g5ae17c6e89 (webtiles) character file.

38 pikimeister the Caller (level 3, -12/19 HPs)
             Began as a Deep Elf Summoner on Sept 14, 2018.
             Mangled by a gnoll
             ... wielding a +0 halberd
              (15 damage)
             ... on level 2 of the Dungeon.
             The game lasted 00:07:06 (1582 turns).

pikimeister the Caller (Deep Elf Summoner)          Turns: 1582, Time: 00:07:06

Health: -12/19     AC:  2    Str:  5    XL:     3   Next: 25%
Magic:  5/10       EV: 13    Int: 20    God:
Gold:   39         SH:  0    Dex: 15    Spells: 7/10 levels left

rFire    . . .     SeeInvis .   b - +0 club
rCold    . . .     Gourm    .   (no shield)
rNeg     . . .     Faith    .   a - +0 robe
rPois    .         Spirit   .   (no helmet)
rElec    .         Reflect  .   (no cloak)
rCorr    .         Harm     .   (no gloves)
MR       .....                  (no boots)
Stlth    ++........             (no amulet)
HPRegen  0.06/turn              (no ring)
MPRegen  0.12/turn              (no ring)

@: no status effects
A: no striking features
a: no special abilities


You were on level 2 of the Dungeon.
You were not hungry.

You visited 1 branch of the dungeon, and saw 2 of its levels.

You collected 39 gold pieces.

Inventory:

Hand Weapons
 b - a +0 club (weapon)
Armour
 a - a +0 robe (worn)
Scrolls
 d - a scroll of amnesia {unknown}
 g - a scroll of identify {unknown}
Potions
 e - a potion of lignification {unknown}
 f - a potion of magic {unknown}
 h - a potion of might {unknown}
Comestibles
 c - 3 rations


   Skills:
 + Level 0.2 Fighting
 + Level 2.7 Dodging
 + Level 2.5 Stealth
 + Level 4.0 Spellcasting
 + Level 4.9 Summonings


You had 7 spell levels left.
You knew the following spells:

 Your Spells              Type           Power        Failure   Level  Hunger
a - Summon Small Mammal   Summ           ###.         1%          1    None
b - Call Imp              Summ           ###.....     2%          2    #......

Your spell library contained the following spells:

 Spells                   Type           Power        Failure   Level  Hunger
 Call Canine Familiar     Summ           ###.....     4%          3    ###....
 Summon Guardian Golem    Hex/Summ       ##......     14%         3    ###....
 Summon Ice Beast         Ice/Summ       ##......     43%         4    ####...
 Summon Lightning Spire   Summ/Air       ##......     43%         4    ####...


Dungeon Overview and Level Annotations

Branches:
Dungeon (2/15)

Altars:


Message History

Confirm with . or Enter, or press ? or * to list all spells.
A beastly little devil appears in a puff of flame.
Your crimson imp says, "You called?"
The gnoll closely misses you.
You swap places.
The gnoll hits you from afar with a halberd!
Ouch! That really hurt!
* * * LOW HITPOINT WARNING * * *
Something completely misses your crimson imp.
Your crimson imp blinks!
You swap places.
The gnoll hits your crimson imp with a halberd!
Your crimson imp dies!
Casting: Call Imp (safe; 2% risk of failure)
Confirm with . or Enter, or press ? or * to list all spells.
A beastly little devil appears in a puff of flame.
Your crimson imp closely misses the gnoll.
The gnoll hits you from afar with a halberd!
Ouch! That really hurt!
You die...

#.#####.#####..##### #..#
#..................# #..#
##########.##..###.#####..#
##### #.##..# #........#
#...# #.##..# #######.##
#>..### #.##..# #.#
......#######.##.5#########.#
..............##..gg.....†..#
..†...##########@#####.######
#...### #.# #.##########
#...# #.# #.g(g..†..)† ##.##
#.# ######(.#### #.# #.# #.<#
#.# #.# #..# # #.# #.# #..#
#.# ..# #..# #.###########
### ####..#.#


You could see 2 gnolls and a friendly crimson imp.

Vanquished Creatures
  A bat (D:1)
1 creature vanquished.

Vanquished Creatures (collateral kills)
  2 adders
  A gnoll (D:2)
  A leopard gecko (D:2)
  2 bats
  3 goblins (D:1)
  2 hobgoblins
  3 jackals (D:2)
  5 kobolds
  A ball python (D:1)
  9 frilled lizards
  5 rats
34 creatures vanquished.

Grand Total: 35 creatures vanquished

Notes
Turn   | Place    | Note
-------+----------+-------------------------------------------
     0 | D:1      | pikimeister the Deep Elf Summoner began the quest for the
                  | Orb.
     0 | D:1      | Reached XP level 1. HP: 10/10 MP: 6/6
   556 | D:1      | Reached XP level 2. HP: 13/15 MP: 1/8
   589 | D:1      | Learned a level 2 spell: Call Imp
  1526 | D:2      | Reached XP level 3. HP: 18/19 MP: 7/10
  1582 | D:2      | Mangled by a gnoll

Vault maps used:
D:1:      nicolae_arrival_washed_ashore
D:2:      lemuel_coloured_pillars_altar, first_ration, minmay_lizard_pond

Skill      XL: |  1  2  3 |
---------------+----------+-----
Spellcasting   | 4 |  4.0
Fighting       | |  0.2
Dodging        | |  2.7
Stealth        | |  2.5
Summonings     | |  4.9

Action                   || total
-------------------------++-------
Melee: Club              ||     5
 Cast: Summon Small Mamm ||    35
       Call Imp          ||    16
  Eat: Chunk             ||     2
Armor: Robe              ||    12
Dodge: Dodged            ||    47

Table legend:
 A = Non-vault XP
 B = Vault XP
 C = Vault XP percentage of total XP
 D = Non-vault monster count
 E = Vault monster count
 F = Vault count percentage of total count
                 A         B        C        D         E       F
            +---------+---------+-------+---------+---------+-------
      Total |      50 |       5 |   9.1 |      30 |       5 |  14.3
            +---------+---------+-------+---------+---------+-------
        D:1 |      25 |       0 |   0.0 |      19 |       0 |   0.0
        D:2 |      25 |       5 |  16.7 |      11 |       5 |  31.2
            +---------+---------+-------+---------+---------+-------
